[ PARTIDA AOE2 · #479444213 ]
UnrankedPersas vs Goths
[ ANÁLISIS DE REPETICIÓN · EXTRAÍDO DE LA PARTIDA GRABADA ]
Feudal
11:24
Castillos
17:51
Imperial
—
| APM promedio | 15.4 |
| APM pico | 61 |
| eAPM promedio | 10.6 |
| Aldeanos / militares | 109 / 202 |
Foco
⚔️ 29.1% · 🌾 70.9%
Camel Scout ×75 · Skirmisher ×68 · Spearman ×28 · War Elephant ×16 · Scorpion ×5 · Battering Ram ×5
Feudal
10:59
Castillos
16:42
Imperial
42:13
| APM promedio | 9.8 |
| APM pico | 37 |
| eAPM promedio | 7.3 |
| Aldeanos / militares | 111 / 145 |
Foco
⚔️ 24.7% · 🌾 75.3%
Spearman ×131 · Huskarl ×14
Feudal
—
Castillos
—
Imperial
—
| APM promedio | 44.7 |
| APM pico | 101 |
| eAPM promedio | 24.9 |
| Aldeanos / militares | 142 / 113 |
Foco
⚔️ 33.4% · 🌾 66.6%
Battle Elephant ×31 · Fire Lancer ×28 · Rattan Archer ×26 · Battering Ram ×17 · Spearman ×10 · Knight ×1
Feudal
—
Castillos
—
Imperial
—
| APM promedio | 28.0 |
| APM pico | 90 |
| eAPM promedio | 23.8 |
| Aldeanos / militares | 113 / 177 |
Foco
⚔️ 17.7% · 🌾 82.3%
Militia ×67 · Genitour ×65 · Genoese Crossbowman ×27 · Bombard Cannon ×12 · Skirmisher ×2 · Scout Cavalry ×2
Feudal
14:20
Castillos
24:32
Imperial
40:44
| APM promedio | 18.1 |
| APM pico | 60 |
| eAPM promedio | 14.9 |
| Aldeanos / militares | 100 / 255 |
Foco
⚔️ 51.8% · 🌾 48.2%
Chakram Thrower ×93 · Archer ×61 · Shrivamsha Rider ×46 · Skirmisher ×21 · Elephant Archer ×12 · Spearman ×10
Feudal
10:25
Castillos
18:48
Imperial
—
| APM promedio | 7.5 |
| APM pico | 49 |
| eAPM promedio | 4.8 |
| Aldeanos / militares | 51 / 10 |
Foco
⚔️ 15.6% · 🌾 84.4%
Camel Archer ×5 · Archer ×2 · Camel Scout ×2 · Battering Ram ×1
Feudal
12:01
Castillos
16:29
Imperial
31:22
| APM promedio | 19.9 |
| APM pico | 47 |
| eAPM promedio | 14.6 |
| Aldeanos / militares | 151 / 249 |
Foco
⚔️ 43.6% · 🌾 56.4%
Knight ×183 · Spearman ×63 · Trade Cart ×27 · Trebuchet (Packed) ×3
Feudal
—
Castillos
—
Imperial
—
| APM promedio | 23.6 |
| APM pico | 75 |
| eAPM promedio | 15.5 |
| Aldeanos / militares | 110 / 335 |
Foco
⚔️ 33.7% · 🌾 66.3%
Knight ×129 · Spearman ×125 · Archer ×60 · Bombard Cannon ×9 · Camel Scout ×8 · Trebuchet (Packed) ×4
Mapa de la partida
Recursos iniciales + cada clic de construcción. Líneas = muros · curvas = relieve. ◆ oro · ⬟ piedra · ● bayas · ✦ reliquia · ◌ hueco del cierre
Tu base· ✓ Cerrada en 17:51 · 0t muro · 2 puerta(s)
Base de Tokoro Tennosuke· ✓ Cerrada en 16:42 · 0t muro · 2 puerta(s)
Base de ChosenRain28· ✓ Cerrada en 18:49 · 0t muro · 3 puerta(s)
Base de DRAGONROJO500· ✓ Cerrada en 16:32 · 0t muro · 3 puerta(s)
Base de 0800goon· ✓ Cerrada en 24:32 · 0t muro · 3 puerta(s)
Base de guillo· ✓ Cerrada en 18:48 · 0t muro · 3 puerta(s)
Base de Anti_Moz-Diablo· ✓ Cerrada en 16:29 · 0t muro · 2 puerta(s)
Base de SirRichy2013· ✓ Cerrada en 13:29 · 0t muro · 2 puerta(s)
Terreno inicial suavizado · ◌ = hueco del cierre detectado · pasá el cursor para detalles
Inputs por minuto
— Teniente DAN - - Tokoro Tennosuke
Build order — Teniente DAN
Primeras 150 de 240 acciones detectadas
| 0:02 | Construir | House |
| 0:06 | Construir | House |
| 0:06 | Crear | Villager (Male) |
| 0:06 | Crear | Villager (Male) |
| 0:07 | Crear | Villager (Male) |
| 0:07 | Crear | Villager (Male) |
| 0:18 | Crear | Villager (Male) |
| 0:19 | Crear | Villager (Male) |
| 1:42 | Crear | Villager (Male) |
| 1:42 | Crear | Villager (Male) |
| 2:23 | Crear | Villager (Male) |
| 2:23 | Crear | Villager (Male) |
| 2:23 | Crear | Villager (Male) |
| 2:36 | Crear | Villager (Male) |
| 2:37 | Crear | Villager (Male) |
| 2:56 | Crear | Villager (Male) |
| 2:57 | Crear | Villager (Male) |
| 3:23 | Construir | House |
| 3:24 | Construir | House |
| 3:26 | Construir | House |
| 3:47 | Construir | Lumber Camp |
| 3:51 | Crear | Villager (Male) |
| 3:52 | Crear | Villager (Male) |
| 4:09 | Crear | Villager (Male) |
| 4:37 | Crear | Villager (Male) |
| 4:38 | Crear | Villager (Male) |
| 4:46 | Crear | Villager (Male) |
| 4:47 | Crear | Villager (Male) |
| 4:56 | Construir | Mill |
| 5:16 | Crear | Villager (Male) |
| 5:16 | Crear | Villager (Male) |
| 6:24 | Construir | Mill |
| 6:26 | Crear | Villager (Male) |
| 6:27 | Crear | Villager (Male) |
| 6:27 | Crear | Villager (Male) |
| 7:08 | Crear | Villager (Male) |
| 7:08 | Crear | Villager (Male) |
| 7:08 | Crear | Villager (Male) |
| 7:49 | Construir | Mining Camp |
| 8:27 | Construir | Mining Camp |
| 8:32 | Crear | Villager (Male) |
| 8:38 | Investigar | Loom |
| 9:18 | Construir | Barracks |
| 9:21 | Investigar | Feudal Age |
| 10:54 | Construir | Farm |
| 10:55 | Construir | Farm |
| 10:57 | Construir | Farm |
| 10:58 | Construir | Farm |
| 11:03 | Crear | Villager (Male) ×5 |
| 11:17 | Construir | House |
| 11:19 | Construir | House |
| 11:24 | Edad | Edad Feudal |
| 11:34 | Crear | Spearman |
| 11:34 | Crear | Spearman |
| 12:39 | Construir | Market |
| 12:50 | Crear | Villager (Male) |
| 14:38 | Construir | Blacksmith |
| 15:02 | Crear | Villager (Male) |
| 15:18 | Investigar | Castle Age |
| 15:30 | Construir | Farm |
| 16:06 | Investigar | Horse Collar |
| 16:39 | Investigar | Double-Bit Axe |
| 17:09 | Crear | Spearman |
| 17:09 | Crear | Spearman |
| 17:39 | Crear | Villager (Male) |
| 17:39 | Crear | Villager (Male) |
| 17:48 | Construir | House |
| 17:48 | Construir | House |
| 17:51 | Edad | Edad de los Castillos |
| 18:09 | Construir | Castle |
| 18:17 | Construir | House |
| 18:18 | Construir | House |
| 18:24 | Construir | House |
| 18:26 | Construir | House |
| 18:53 | Crear | Villager (Male) ×2 |
| 19:01 | Construir | Town Center |
| 19:09 | Crear | Villager (Male) |
| 19:10 | Crear | Villager (Male) |
| 19:38 | Construir | Town Center |
| 19:59 | Construir | Monastery |
| 20:02 | Construir | House |
| 20:03 | Construir | House |
| 20:20 | Crear | Villager (Male) ×2 |
| 20:31 | Construir | Farm |
| 20:33 | Construir | Farm |
| 20:34 | Construir | Farm |
| 20:42 | Construir | Farm |
| 20:43 | Construir | Farm |
| 20:45 | Construir | Farm |
| 20:52 | Crear | Villager (Male) |
| 21:25 | Crear | Monk |
| 21:31 | Investigar | Heavy Plow |
| 21:38 | Crear | Villager (Male) |
| 21:52 | Investigar | Fletching |
| 22:23 | Construir | Stone Wall |
| 22:25 | Construir | Stone Wall |
| 22:30 | Investigar | Wheelbarrow |
| 22:30 | Crear | Villager (Male) |
| 23:01 | Crear | Villager (Male) ×3 |
| 24:25 | Construir | Siege Workshop |
| 24:35 | Crear | War Elephant ×3 |
| 24:56 | Investigar | Pikeman (upgrade) |
| 25:07 | Crear | Villager (Male) ×2 |
| 25:15 | Construir | Farm |
| 25:19 | Construir | Farm |
| 25:23 | Construir | Farm |
| 25:27 | Construir | Farm |
| 25:30 | Construir | Farm |
| 25:35 | Construir | Farm |
| 25:38 | Crear | Villager (Male) ×4 |
| 25:47 | Crear | Scorpion ×3 |
| 26:22 | Crear | War Elephant |
| 26:41 | Construir | Lumber Camp |
| 26:51 | Crear | War Elephant ×2 |
| 27:20 | Construir | Stable |
| 27:23 | Construir | Stable |
| 27:24 | Construir | Stable |
| 27:32 | Crear | Scorpion |
| 27:33 | Crear | Scorpion |
| 27:44 | Crear | Villager (Male) ×5 |
| 28:12 | Construir | Town Center |
| 28:16 | Crear | Villager (Male) |
| 28:17 | Crear | Villager (Male) |
| 28:27 | Crear | War Elephant |
| 28:43 | Crear | War Elephant |
| 28:47 | Crear | Battering Ram ×2 |
| 28:53 | Crear | Spearman |
| 29:09 | Construir | Castle |
| 29:32 | Construir | Town Center |
| 29:37 | Construir | House |
| 29:38 | Construir | House |
| 29:48 | Crear | Camel Scout ×2 |
| 30:07 | Investigar | Bow Saw |
| 30:41 | Crear | War Elephant ×2 |
| 31:56 | Crear | Camel Scout ×5 |
| 32:29 | Investigar | Hand Cart |
| 32:30 | Crear | Villager (Male) ×2 |
| 32:55 | Construir | Siege Workshop |
| 33:57 | Construir | Market |
| 34:09 | Crear | Camel Scout ×5 |
| 34:17 | Investigar | Bodkin Arrow |
| 35:00 | Crear | Camel Scout ×5 |
| 35:21 | Crear | Spearman ×5 |
| 35:56 | Crear | Villager (Male) ×5 |
| 36:18 | Crear | War Elephant ×2 |
| 36:49 | Construir | Town Center |
| 36:58 | Crear | War Elephant |
| 37:04 | Crear | Battering Ram |
| 37:04 | Crear | Battering Ram |
| 37:04 | Crear | Battering Ram |
Build order — Tokoro Tennosuke
Primeras 150 de 266 acciones detectadas
| 0:08 | Construir | House |
| 0:09 | Construir | House |
| 0:12 | Construir | House |
| 0:22 | Crear | Villager (Male) ×4 |
| 2:00 | Crear | Villager (Male) |
| 2:49 | Crear | Villager (Male) |
| 3:11 | Crear | Villager (Male) |
| 3:11 | Crear | Villager (Male) |
| 3:41 | Crear | Villager (Male) |
| 4:11 | Crear | Villager (Male) |
| 4:12 | Crear | Villager (Male) |
| 4:12 | Crear | Villager (Male) |
| 4:49 | Crear | Villager (Male) |
| 4:50 | Crear | Villager (Male) |
| 4:55 | Crear | Villager (Male) |
| 5:29 | Crear | Villager (Male) |
| 5:29 | Crear | Villager (Male) |
| 5:29 | Crear | Villager (Male) |
| 6:06 | Construir | Mill |
| 6:26 | Construir | Lumber Camp |
| 8:23 | Construir | Farm |
| 8:49 | Investigar | Feudal Age |
| 8:50 | Investigar | Feudal Age |
| 9:55 | Crear | Villager (Male) |
| 9:55 | Crear | Villager (Male) |
| 10:59 | Edad | Edad Feudal |
| 11:24 | Construir | Market |
| 11:29 | Construir | Blacksmith |
| 11:48 | Construir | Farm |
| 11:59 | Crear | Villager (Male) |
| 12:01 | Construir | Farm |
| 13:22 | Construir | Mining Camp |
| 14:02 | Investigar | Castle Age |
| 14:03 | Investigar | Castle Age |
| 14:57 | Investigar | Double-Bit Axe |
| 16:13 | Crear | Villager (Male) |
| 16:13 | Crear | Villager (Male) |
| 16:42 | Edad | Edad de los Castillos |
| 16:46 | Construir | Town Center |
| 17:04 | Construir | House |
| 17:05 | Construir | House |
| 17:07 | Construir | House |
| 17:28 | Investigar | Wheelbarrow |
| 17:36 | Crear | Villager (Male) |
| 18:17 | Construir | Mining Camp |
| 18:49 | Construir | Town Center |
| 18:56 | Crear | Villager (Male) |
| 18:56 | Crear | Villager (Male) |
| 19:02 | Construir | House |
| 19:04 | Construir | House |
| 19:05 | Construir | House |
| 19:38 | Crear | Villager (Male) |
| 19:38 | Crear | Villager (Male) |
| 19:51 | Crear | Villager (Male) |
| 19:52 | Crear | Villager (Male) |
| 19:52 | Crear | Villager (Male) |
| 19:52 | Crear | Villager (Male) |
| 20:09 | Crear | Villager (Male) ×3 |
| 20:09 | Crear | Villager (Male) ×3 |
| 20:43 | Construir | Farm |
| 20:48 | Construir | Farm |
| 20:52 | Construir | Farm |
| 20:55 | Construir | Farm |
| 20:58 | Construir | Farm |
| 20:59 | Crear | Villager (Male) |
| 21:05 | Construir | Farm |
| 21:36 | Construir | Lumber Camp |
| 21:42 | Crear | Villager (Male) |
| 21:50 | Crear | Villager (Male) |
| 22:24 | Crear | Villager (Male) ×2 |
| 22:48 | Crear | Villager (Male) |
| 22:49 | Crear | Villager (Male) |
| 23:03 | Construir | Town Center |
| 23:11 | Crear | Villager (Male) |
| 23:11 | Crear | Villager (Male) |
| 23:12 | Crear | Villager (Male) |
| 23:17 | Construir | House |
| 23:19 | Construir | House |
| 23:22 | Construir | House |
| 23:24 | Construir | House |
| 23:31 | Construir | Farm |
| 23:33 | Crear | Villager (Male) |
| 23:33 | Crear | Villager (Male) |
| 23:44 | Construir | Farm |
| 23:47 | Construir | Farm |
| 24:02 | Investigar | Stone Mining |
| 24:16 | Crear | Villager (Male) |
| 24:55 | Construir | Barracks |
| 25:13 | Crear | Villager (Male) ×4 |
| 25:26 | Construir | Barracks |
| 25:28 | Construir | Barracks |
| 25:45 | Investigar | Scale Mail Armor |
| 25:57 | Crear | Villager (Male) ×3 |
| 26:12 | Crear | Villager (Male) |
| 26:26 | Construir | Farm |
| 26:35 | Construir | Barracks |
| 26:52 | Construir | Barracks |
| 26:55 | Construir | Barracks |
| 26:58 | Construir | Barracks |
| 27:08 | Construir | Barracks |
| 27:25 | Construir | Barracks |
| 28:17 | Investigar | Hand Cart |
| 28:18 | Investigar | Loom |
| 28:19 | Investigar | Town Watch |
| 28:40 | Investigar | Pikeman (upgrade) |
| 28:41 | Crear | Spearman ×4 |
| 28:41 | Crear | Spearman ×4 |
| 29:34 | Crear | Spearman ×5 |
| 30:01 | Crear | Villager (Male) |
| 30:01 | Crear | Villager (Male) |
| 30:19 | Construir | Town Center |
| 30:34 | Crear | Spearman |
| 30:34 | Crear | Spearman |
| 30:34 | Crear | Spearman |
| 30:34 | Crear | Spearman |
| 30:35 | Crear | Spearman |
| 30:52 | Construir | Castle |
| 31:08 | Crear | Villager (Male) |
| 31:12 | Construir | Farm |
| 31:19 | Crear | Villager (Male) ×5 |
| 31:20 | Crear | Villager (Male) ×5 |
| 31:20 | Crear | Villager (Male) ×3 |
| 31:49 | Crear | Villager (Male) |
| 31:49 | Crear | Villager (Male) |
| 32:00 | Construir | Farm |
| 32:18 | Construir | Farm |
| 32:21 | Construir | Farm |
| 32:25 | Construir | Farm |
| 32:29 | Construir | Farm |
| 32:38 | Construir | Farm |
| 32:41 | Construir | Farm |
| 32:46 | Construir | Farm |
| 32:51 | Construir | Farm |
| 32:55 | Construir | Farm |
| 32:59 | Construir | Farm |
| 33:04 | Construir | Farm |
| 33:07 | Construir | Farm |
| 33:08 | Crear | Villager (Male) ×4 |
| 33:23 | Construir | Castle |
| 33:47 | Construir | Castle |
| 34:06 | Crear | Villager (Male) ×5 |
| 34:06 | Crear | Villager (Male) |
| 34:06 | Crear | Villager (Male) |
| 34:11 | Construir | Farm |
| 34:17 | Construir | Farm |
| 34:19 | Construir | Farm |
| 34:22 | Construir | Farm |
| 34:24 | Construir | Farm |
| 34:26 | Construir | Farm |
| 34:29 | Construir | Farm |
Build order — ChosenRain28
Primeras 150 de 359 acciones detectadas
| 0:08 | Crear | Villager (Male) |
| 0:08 | Crear | Villager (Male) |
| 0:12 | Construir | House |
| 0:18 | Construir | House |
| 0:19 | Investigar | Loom |
| 0:50 | Crear | Villager (Male) |
| 1:05 | Crear | Villager (Male) |
| 1:06 | Crear | Villager (Male) |
| 1:42 | Crear | Villager (Male) |
| 2:33 | Crear | Villager (Male) |
| 2:44 | Crear | Villager (Male) |
| 3:22 | Crear | Villager (Male) |
| 3:33 | Crear | Villager (Male) |
| 4:08 | Construir | House |
| 4:12 | Construir | Lumber Camp |
| 4:14 | Crear | Villager (Male) |
| 4:29 | Construir | Mill |
| 4:54 | Crear | Villager (Male) |
| 4:59 | Crear | Villager (Male) |
| 5:46 | Crear | Villager (Male) |
| 5:48 | Crear | Villager (Male) |
| 6:26 | Crear | Villager (Male) |
| 6:41 | Crear | Villager (Male) |
| 7:27 | Crear | Villager (Male) |
| 7:54 | Construir | House |
| 7:57 | Crear | Villager (Male) |
| 8:20 | Crear | Villager (Male) |
| 9:06 | Investigar | Feudal Age |
| 9:13 | Crear | Villager (Male) |
| 9:19 | Construir | Farm |
| 9:19 | Construir | Farm |
| 9:53 | Crear | Villager (Male) |
| 11:13 | Crear | Villager (Male) |
| 11:30 | Construir | House |
| 11:35 | Crear | Villager (Male) |
| 11:45 | Construir | Farm |
| 11:45 | Construir | Farm |
| 11:45 | Construir | Farm |
| 11:46 | Construir | Farm |
| 12:04 | Construir | Mining Camp |
| 12:06 | Crear | Villager (Male) |
| 12:11 | Crear | Villager (Male) |
| 12:35 | Construir | Mining Camp |
| 12:52 | Crear | Villager (Male) |
| 12:59 | Construir | Blacksmith |
| 13:32 | Crear | Villager (Male) |
| 13:43 | Construir | Barracks |
| 13:46 | Crear | Villager (Male) |
| 14:37 | Construir | House |
| 14:55 | Crear | Villager (Male) |
| 15:05 | Construir | House |
| 15:34 | Crear | Villager (Male) |
| 15:43 | Construir | Market |
| 15:43 | Crear | Villager (Male) |
| 16:58 | Crear | Villager (Male) |
| 17:05 | Investigar | Double-Bit Axe |
| 17:07 | Investigar | Horse Collar |
| 17:09 | Construir | Farm |
| 17:10 | Construir | Farm |
| 17:10 | Construir | Farm |
| 17:10 | Construir | Farm |
| 17:11 | Construir | Farm |
| 17:16 | Construir | Farm |
| 17:23 | Crear | Villager (Male) |
| 17:58 | Construir | Mining Camp |
| 18:08 | Crear | Villager (Male) |
| 18:27 | Crear | Villager (Male) |
| 18:49 | Investigar | Castle Age |
| 18:59 | Crear | Villager (Male) |
| 19:59 | Construir | Stable |
| 20:01 | Construir | Stable |
| 20:12 | Construir | House |
| 20:14 | Construir | House |
| 20:16 | Construir | House |
| 20:16 | Crear | Villager (Male) |
| 20:23 | Construir | Farm |
| 21:25 | Crear | Villager (Male) |
| 21:32 | Investigar | Scale Barding Armor |
| 21:32 | Investigar | Forging |
| 21:36 | Investigar | Bloodlines |
| 21:48 | Construir | Town Center |
| 22:02 | Crear | Battle Elephant |
| 22:12 | Crear | Fire Lancer |
| 22:12 | Crear | Fire Lancer |
| 22:18 | Construir | House |
| 22:38 | Crear | Villager (Male) |
| 22:39 | Crear | Villager (Male) |
| 23:26 | Crear | Villager (Male) |
| 23:26 | Crear | Villager (Male) |
| 24:09 | Construir | Castle |
| 24:21 | Crear | Villager (Male) |
| 24:22 | Crear | Villager (Male) |
| 24:22 | Crear | Villager (Male) |
| 24:34 | Crear | Villager (Male) |
| 24:37 | Crear | Villager (Male) |
| 24:49 | Construir | Lumber Camp |
| 25:03 | Crear | Battle Elephant ×2 |
| 25:14 | Crear | Villager (Male) |
| 25:18 | Construir | Farm |
| 25:19 | Construir | Farm |
| 25:19 | Construir | Farm |
| 25:27 | Crear | Villager (Male) |
| 25:28 | Crear | Villager (Male) |
| 25:41 | Construir | Farm |
| 25:41 | Construir | Farm |
| 25:41 | Construir | Farm |
| 25:42 | Construir | Farm |
| 26:00 | Crear | Battle Elephant ×2 |
| 26:12 | Crear | Villager (Male) |
| 26:43 | Crear | Villager (Male) |
| 26:43 | Crear | Villager (Male) |
| 26:44 | Crear | Villager (Male) |
| 26:44 | Crear | Villager (Male) |
| 26:51 | Construir | Farm |
| 26:51 | Construir | Farm |
| 26:51 | Construir | Farm |
| 26:55 | Construir | Farm |
| 26:59 | Crear | Battle Elephant |
| 26:59 | Crear | Battle Elephant |
| 27:09 | Construir | Farm |
| 27:10 | Construir | Farm |
| 27:10 | Construir | Farm |
| 27:10 | Construir | Farm |
| 28:01 | Crear | Rattan Archer |
| 28:02 | Crear | Rattan Archer |
| 28:04 | Construir | Outpost |
| 28:14 | Construir | Mining Camp |
| 28:28 | Crear | Rattan Archer |
| 28:28 | Crear | Rattan Archer |
| 28:42 | Crear | Villager (Male) |
| 28:47 | Crear | Battle Elephant ×5 |
| 28:47 | Crear | Battle Elephant ×4 |
| 28:50 | Crear | Villager (Male) |
| 28:50 | Crear | Villager (Male) |
| 29:20 | Investigar | Padded Archer Armor |
| 29:43 | Crear | Rattan Archer |
| 29:44 | Crear | Rattan Archer |
| 29:52 | Construir | Siege Workshop |
| 30:38 | Crear | Rattan Archer |
| 30:47 | Crear | Villager (Male) |
| 30:48 | Crear | Villager (Male) |
| 30:48 | Crear | Villager (Male) |
| 30:48 | Crear | Villager (Male) |
| 30:49 | Crear | Villager (Male) |
| 30:59 | Crear | Villager (Male) ×5 |
| 31:08 | Investigar | Leather Archer Armor |
| 31:09 | Investigar | Fletching |
| 31:12 | Crear | Rattan Archer |
| 31:24 | Crear | Villager (Male) |
| 31:24 | Crear | Villager (Male) |
Build order — DRAGONROJO500
Primeras 150 de 579 acciones detectadas
| 0:03 | Crear | Villager (Male) |
| 0:06 | Construir | House |
| 0:16 | Construir | House |
| 0:18 | Construir | House |
| 0:19 | Construir | House |
| 0:23 | Crear | Villager (Male) |
| 0:39 | Crear | Villager (Male) |
| 0:40 | Crear | Villager (Male) |
| 1:33 | Crear | Villager (Male) |
| 2:31 | Crear | Villager (Male) |
| 2:31 | Crear | Villager (Male) |
| 3:24 | Crear | Villager (Male) |
| 3:25 | Crear | Villager (Male) |
| 3:53 | Crear | Villager (Male) |
| 3:54 | Crear | Villager (Male) |
| 3:54 | Crear | Villager (Male) |
| 4:31 | Crear | Villager (Male) |
| 4:55 | Crear | Villager (Male) |
| 5:01 | Crear | Villager (Male) |
| 5:34 | Crear | Villager (Male) |
| 5:51 | Construir | Mill |
| 6:01 | Crear | Villager (Male) |
| 6:31 | Construir | Lumber Camp |
| 7:18 | Crear | Villager (Male) |
| 7:21 | Investigar | Feudal Age |
| 8:51 | Construir | Mining Camp |
| 9:35 | Crear | Villager (Male) |
| 9:38 | Investigar | Double-Bit Axe |
| 9:48 | Construir | Market |
| 9:53 | Crear | Villager (Male) |
| 10:42 | Investigar | Wheelbarrow |
| 10:43 | Crear | Villager (Male) |
| 11:04 | Construir | Blacksmith |
| 11:07 | Crear | Villager (Male) |
| 11:27 | Investigar | Horse Collar |
| 11:35 | Construir | House |
| 11:38 | Construir | House |
| 11:59 | Construir | Farm |
| 12:21 | Investigar | Gold Mining |
| 12:21 | Investigar | Gold Mining |
| 12:25 | Crear | Villager (Male) |
| 12:41 | Construir | Farm |
| 12:50 | Crear | Villager (Male) |
| 12:56 | Construir | House |
| 12:58 | Construir | House |
| 13:13 | Construir | Farm |
| 13:21 | Crear | Villager (Male) |
| 13:38 | Construir | House |
| 13:40 | Construir | House |
| 13:43 | Crear | Villager (Male) |
| 13:51 | Construir | Farm |
| 14:03 | Construir | Farm |
| 14:07 | Crear | Villager (Male) |
| 14:30 | Crear | Villager (Male) |
| 14:37 | Construir | Farm |
| 14:46 | Construir | Farm |
| 14:58 | Construir | Farm |
| 15:05 | Crear | Villager (Male) |
| 15:18 | Construir | Farm |
| 15:23 | Construir | House |
| 15:26 | Construir | House |
| 15:27 | Construir | House |
| 15:28 | Construir | House |
| 15:34 | Crear | Villager (Male) |
| 15:56 | Construir | Mining Camp |
| 16:01 | Crear | Villager (Male) |
| 16:07 | Construir | Farm |
| 16:32 | Investigar | Castle Age |
| 16:52 | Construir | Farm |
| 16:52 | Construir | Farm |
| 16:52 | Construir | Farm |
| 16:52 | Construir | Farm |
| 16:52 | Construir | Farm |
| 16:52 | Construir | Farm |
| 16:52 | Construir | Farm |
| 17:04 | Construir | House |
| 17:06 | Construir | House |
| 17:13 | Investigar | Stone Mining |
| 18:02 | Construir | House |
| 18:05 | Construir | House |
| 18:31 | Crear | Villager (Male) |
| 19:17 | Construir | Town Center |
| 19:23 | Construir | Monastery |
| 19:28 | Investigar | Stone Shaft Mining |
| 19:30 | Crear | Villager (Male) |
| 19:50 | Investigar | Bow Saw |
| 20:06 | Crear | Villager (Male) |
| 20:06 | Crear | Villager (Male) |
| 20:09 | Crear | Monk |
| 20:46 | Crear | Villager (Male) |
| 20:46 | Crear | Villager (Male) |
| 20:54 | Construir | Town Center |
| 21:07 | Investigar | Fervor |
| 21:21 | Crear | Villager (Male) |
| 21:21 | Crear | Villager (Male) |
| 21:30 | Investigar | Heavy Plow |
| 21:35 | Crear | Villager (Male) |
| 21:39 | Investigar | Loom |
| 21:47 | Construir | Farm |
| 21:47 | Construir | Farm |
| 21:47 | Construir | Farm |
| 21:47 | Construir | Farm |
| 21:47 | Construir | Farm |
| 21:47 | Construir | Farm |
| 21:47 | Construir | Farm |
| 21:47 | Construir | Farm |
| 21:47 | Construir | Farm |
| 21:47 | Construir | Farm |
| 21:47 | Construir | Farm |
| 21:47 | Construir | Farm |
| 21:47 | Construir | Farm |
| 22:01 | Construir | Farm |
| 22:01 | Construir | Farm |
| 22:02 | Construir | Farm |
| 22:05 | Crear | Villager (Male) |
| 22:05 | Crear | Villager (Male) |
| 22:20 | Crear | Villager (Male) |
| 22:30 | Construir | Farm |
| 22:42 | Construir | University |
| 22:48 | Crear | Villager (Male) |
| 22:48 | Crear | Villager (Male) |
| 22:48 | Crear | Villager (Male) |
| 23:13 | Construir | Farm |
| 23:13 | Construir | Farm |
| 23:13 | Construir | Farm |
| 23:20 | Crear | Villager (Male) |
| 23:20 | Crear | Villager (Male) |
| 23:20 | Crear | Villager (Male) |
| 23:27 | Construir | Town Center |
| 23:53 | Crear | Villager (Male) |
| 23:53 | Crear | Villager (Male) |
| 23:53 | Crear | Villager (Male) |
| 24:37 | Crear | Villager (Male) |
| 24:37 | Crear | Villager (Male) |
| 24:37 | Crear | Villager (Male) |
| 24:37 | Crear | Villager (Male) |
| 24:48 | Construir | House |
| 25:02 | Construir | Farm |
| 25:02 | Construir | Farm |
| 25:02 | Construir | Farm |
| 25:02 | Construir | Farm |
| 25:02 | Construir | Farm |
| 25:03 | Construir | Farm |
| 25:03 | Construir | Farm |
| 25:03 | Construir | Farm |
| 25:03 | Construir | Farm |
| 25:03 | Construir | Farm |
| 25:03 | Construir | Farm |
| 25:03 | Construir | Farm |
| 25:03 | Construir | Farm |
Build order — 0800goon
Primeras 150 de 543 acciones detectadas
| 0:05 | Construir | House |
| 0:08 | Construir | House |
| 0:10 | Construir | House |
| 0:17 | Investigar | Loom |
| 0:18 | Crear | Villager (Male) |
| 0:18 | Crear | Villager (Male) |
| 0:18 | Crear | Villager (Male) |
| 0:19 | Crear | Villager (Male) |
| 0:19 | Crear | Villager (Male) |
| 1:57 | Crear | Villager (Male) |
| 2:09 | Crear | Villager (Male) |
| 2:39 | Crear | Villager (Male) |
| 3:10 | Crear | Villager (Male) |
| 3:27 | Crear | Villager (Male) |
| 4:26 | Crear | Villager (Male) |
| 4:27 | Crear | Villager (Male) |
| 4:27 | Crear | Villager (Male) |
| 5:26 | Crear | Villager (Male) |
| 5:27 | Crear | Villager (Male) |
| 5:27 | Crear | Villager (Male) |
| 5:45 | Construir | House |
| 5:47 | Construir | House |
| 5:50 | Construir | House |
| 5:54 | Construir | House |
| 5:57 | Construir | House |
| 6:15 | Crear | Villager (Male) |
| 6:16 | Crear | Villager (Male) |
| 6:53 | Crear | Villager (Male) |
| 6:54 | Crear | Villager (Male) |
| 6:54 | Crear | Villager (Male) |
| 6:54 | Crear | Villager (Male) |
| 6:57 | Crear | Villager (Male) |
| 6:58 | Crear | Villager (Male) |
| 7:38 | Construir | Mill |
| 7:46 | Construir | Lumber Camp |
| 8:25 | Crear | Villager (Male) |
| 9:26 | Construir | Mill |
| 9:40 | Construir | Mining Camp |
| 9:42 | Crear | Villager (Male) |
| 9:43 | Crear | Villager (Male) |
| 9:43 | Crear | Villager (Male) |
| 9:44 | Crear | Villager (Male) |
| 10:26 | Construir | Barracks |
| 10:50 | Construir | Mining Camp |
| 12:10 | Investigar | Feudal Age |
| 12:36 | Construir | Barracks |
| 14:18 | Construir | Farm |
| 14:18 | Construir | Farm |
| 14:19 | Construir | Farm |
| 14:20 | Construir | Farm |
| 14:20 | Edad | Edad Feudal |
| 14:21 | Construir | Farm |
| 14:22 | Construir | Farm |
| 14:23 | Construir | Farm |
| 14:24 | Construir | Farm |
| 14:25 | Construir | Farm |
| 14:26 | Construir | Farm |
| 14:30 | Investigar | Town Watch |
| 14:30 | Investigar | Wheelbarrow |
| 14:31 | Crear | Villager (Male) |
| 14:31 | Crear | Villager (Male) |
| 14:32 | Crear | Villager (Male) |
| 14:32 | Crear | Villager (Male) |
| 14:50 | Construir | Market |
| 15:22 | Crear | Villager (Male) |
| 15:23 | Crear | Villager (Male) |
| 15:23 | Crear | Villager (Male) |
| 15:23 | Crear | Villager (Male) |
| 15:35 | Construir | Blacksmith |
| 16:30 | Investigar | Double-Bit Axe |
| 16:38 | Construir | House |
| 16:39 | Construir | House |
| 16:40 | Construir | House |
| 16:42 | Construir | House |
| 16:43 | Construir | House |
| 16:44 | Construir | House |
| 16:45 | Construir | House |
| 16:46 | Construir | House |
| 16:50 | Construir | House |
| 17:05 | Investigar | Horse Collar |
| 17:48 | Crear | Trade Cart |
| 17:48 | Crear | Trade Cart |
| 18:13 | Crear | Villager (Male) |
| 18:13 | Crear | Villager (Male) |
| 18:18 | Investigar | Gold Mining |
| 18:23 | Investigar | Stone Mining |
| 18:43 | Crear | Villager (Male) |
| 18:43 | Crear | Villager (Male) |
| 18:43 | Crear | Villager (Male) |
| 19:20 | Construir | Farm |
| 19:21 | Construir | Farm |
| 19:22 | Construir | Farm |
| 19:23 | Construir | Farm |
| 19:24 | Construir | Farm |
| 19:28 | Crear | Villager (Male) |
| 19:29 | Crear | Villager (Male) |
| 19:29 | Crear | Villager (Male) |
| 19:36 | Crear | Villager (Male) |
| 19:37 | Crear | Villager (Male) |
| 20:20 | Construir | Stable |
| 21:04 | Construir | Stable |
| 21:52 | Investigar | Castle Age |
| 22:00 | Crear | Trade Cart |
| 22:01 | Crear | Trade Cart |
| 22:01 | Crear | Trade Cart |
| 24:32 | Edad | Edad de los Castillos |
| 24:42 | Construir | Castle |
| 24:58 | Construir | Town Center |
| 25:17 | Construir | Town Center |
| 25:26 | Crear | Villager (Male) |
| 25:27 | Crear | Villager (Male) |
| 25:27 | Crear | Villager (Male) |
| 25:27 | Crear | Villager (Male) |
| 25:27 | Crear | Villager (Male) |
| 25:28 | Crear | Villager (Male) |
| 25:28 | Crear | Villager (Male) |
| 25:28 | Crear | Villager (Male) |
| 25:28 | Crear | Villager (Male) |
| 25:37 | Crear | Villager (Male) |
| 25:37 | Crear | Villager (Male) |
| 25:38 | Crear | Villager (Male) |
| 25:38 | Crear | Villager (Male) |
| 25:38 | Crear | Villager (Male) |
| 25:38 | Crear | Villager (Male) |
| 25:39 | Crear | Villager (Male) |
| 25:39 | Crear | Villager (Male) |
| 25:39 | Crear | Villager (Male) |
| 25:40 | Crear | Villager (Male) |
| 25:40 | Crear | Villager (Male) |
| 25:40 | Crear | Villager (Male) |
| 25:40 | Crear | Villager (Male) |
| 25:59 | Construir | Siege Workshop |
| 26:29 | Crear | Chakram Thrower |
| 26:29 | Crear | Chakram Thrower |
| 26:29 | Crear | Chakram Thrower |
| 26:30 | Crear | Chakram Thrower |
| 26:52 | Construir | Stone Wall |
| 27:08 | Construir | Lumber Camp |
| 27:16 | Investigar | Padded Archer Armor |
| 27:22 | Crear | Villager (Male) |
| 27:22 | Crear | Villager (Male) |
| 27:22 | Crear | Villager (Male) |
| 27:23 | Crear | Villager (Male) |
| 27:23 | Crear | Villager (Male) |
| 27:24 | Crear | Villager (Male) |
| 27:37 | Construir | Farm |
| 27:38 | Construir | Farm |
| 27:43 | Construir | Farm |
| 27:43 | Construir | Farm |
| 27:46 | Construir | Farm |
Build order — guillo
106 acciones detectadas en el replay
| 0:03 | Construir | House |
| 0:05 | Construir | House |
| 0:06 | Crear | Villager (Male) ×4 |
| 1:43 | Crear | Villager (Male) |
| 1:44 | Crear | Villager (Male) |
| 2:08 | Crear | Villager (Male) |
| 2:21 | Crear | Villager (Male) |
| 2:59 | Crear | Villager (Male) |
| 3:37 | Crear | Villager (Male) |
| 4:07 | Crear | Villager (Male) |
| 4:29 | Construir | House |
| 4:32 | Construir | House |
| 4:46 | Crear | Villager (Male) |
| 4:46 | Crear | Villager (Male) |
| 4:46 | Crear | Villager (Male) |
| 4:52 | Investigar | Loom |
| 5:05 | Construir | Lumber Camp |
| 5:39 | Crear | Villager (Male) |
| 5:40 | Crear | Villager (Male) |
| 6:14 | Construir | Mill |
| 6:40 | Crear | Villager (Male) |
| 7:02 | Crear | Villager (Male) |
| 7:43 | Construir | Barracks |
| 7:50 | Crear | Villager (Male) |
| 8:10 | Investigar | Feudal Age |
| 8:13 | Crear | Villager (Male) |
| 9:23 | Construir | Farm |
| 9:23 | Construir | Farm |
| 9:24 | Construir | Farm |
| 10:17 | Construir | Farm |
| 10:17 | Construir | Farm |
| 10:19 | Construir | Farm |
| 10:25 | Edad | Edad Feudal |
| 10:28 | Crear | Villager (Male) |
| 10:53 | Crear | Villager (Male) |
| 11:12 | Construir | House |
| 11:14 | Construir | House |
| 11:15 | Construir | House |
| 11:24 | Construir | Mining Camp |
| 11:35 | Crear | Villager (Male) |
| 11:44 | Investigar | Double-Bit Axe |
| 12:02 | Crear | Villager (Male) |
| 12:11 | Construir | Farm |
| 12:34 | Investigar | Horse Collar |
| 12:37 | Crear | Villager (Male) |
| 13:10 | Construir | Farm |
| 13:21 | Construir | Lumber Camp |
| 13:25 | Crear | Villager (Male) |
| 13:55 | Crear | Villager (Male) |
| 14:17 | Crear | Villager (Male) |
| 14:36 | Construir | Blacksmith |
| 15:02 | Construir | Market |
| 15:11 | Crear | Villager (Male) |
| 15:27 | Crear | Villager (Male) |
| 15:44 | Construir | Mining Camp |
| 15:58 | Crear | Villager (Male) |
| 16:08 | Investigar | Castle Age |
| 16:59 | Construir | Archery Range |
| 17:46 | Construir | Stable |
| 17:56 | Investigar | Fletching |
| 17:56 | Investigar | Padded Archer Armor |
| 18:32 | Crear | Archer |
| 18:32 | Crear | Archer |
| 18:48 | Edad | Edad de los Castillos |
| 18:53 | Crear | Camel Scout |
| 18:54 | Crear | Camel Scout |
| 19:03 | Investigar | Crossbowman (upgrade) |
| 19:07 | Crear | Villager (Male) ×5 |
| 19:59 | Construir | Siege Workshop |
| 20:24 | Construir | House |
| 20:26 | Construir | House |
| 20:27 | Construir | House |
| 20:27 | Construir | House |
| 20:35 | Construir | Farm |
| 20:44 | Construir | Farm |
| 21:10 | Investigar | Bow Saw |
| 21:30 | Construir | Castle |
| 21:34 | Investigar | Bodkin Arrow |
| 21:34 | Investigar | Leather Archer Armor |
| 21:58 | Crear | Villager (Male) ×5 |
| 22:24 | Investigar | Gold Mining |
| 22:30 | Investigar | Stone Mining |
| 23:39 | Construir | University |
| 23:46 | Investigar | Heavy Plow |
| 24:45 | Crear | Battering Ram |
| 24:53 | Crear | Camel Archer ×5 |
| 25:22 | Construir | Town Center |
| 25:33 | Construir | Lumber Camp |
| 26:45 | Investigar | Masonry |
| 26:46 | Investigar | Fortified Wall (upgrade) |
| 26:54 | Crear | Villager (Male) ×5 |
| 27:24 | Construir | Farm |
| 27:46 | Investigar | Ballistics |
| 27:48 | Construir | Farm |
| 28:12 | Construir | Castle |
| 28:23 | Construir | Farm |
| 28:26 | Investigar | Wheelbarrow |
| 28:48 | Construir | Stone Wall |
| 28:56 | Construir | Farm |
| 29:30 | Construir | Stone Wall |
| 29:43 | Construir | Lumber Camp |
| 29:45 | Crear | Villager (Male) ×5 |
| 29:53 | Construir | Stone Wall |
| 30:09 | Construir | Farm |
| 30:11 | Investigar | Hand Cart |
| 30:51 | Construir | Stone Wall |
Build order — Anti_Moz-Diablo
Primeras 150 de 575 acciones detectadas
| 0:03 | Investigar | Loom |
| 0:04 | Crear | Villager (Male) |
| 0:04 | Crear | Villager (Male) |
| 0:04 | Crear | Villager (Male) |
| 0:04 | Crear | Villager (Male) |
| 0:04 | Crear | Villager (Male) |
| 0:04 | Crear | Villager (Male) |
| 0:04 | Crear | Villager (Male) |
| 0:05 | Crear | Villager (Male) |
| 0:05 | Crear | Villager (Male) |
| 0:05 | Crear | Villager (Male) |
| 0:05 | Crear | Villager (Male) |
| 1:36 | Crear | Villager (Male) |
| 1:36 | Crear | Villager (Male) |
| 1:36 | Crear | Villager (Male) |
| 1:36 | Crear | Villager (Male) |
| 1:36 | Crear | Villager (Male) |
| 1:36 | Crear | Villager (Male) |
| 1:36 | Crear | Villager (Male) |
| 2:15 | Crear | Villager (Male) |
| 2:15 | Crear | Villager (Male) |
| 2:15 | Crear | Villager (Male) |
| 2:15 | Crear | Villager (Male) |
| 2:15 | Crear | Villager (Male) |
| 2:30 | Crear | Villager (Male) |
| 2:30 | Crear | Villager (Male) |
| 2:31 | Crear | Villager (Male) |
| 2:31 | Crear | Villager (Male) |
| 2:31 | Crear | Villager (Male) |
| 2:31 | Crear | Villager (Male) |
| 2:44 | Construir | Lumber Camp |
| 3:09 | Crear | Villager (Male) |
| 3:09 | Crear | Villager (Male) |
| 3:09 | Crear | Villager (Male) |
| 3:09 | Crear | Villager (Male) |
| 3:09 | Crear | Villager (Male) |
| 3:27 | Crear | Villager (Male) |
| 3:27 | Crear | Villager (Male) |
| 3:28 | Crear | Villager (Male) |
| 3:28 | Crear | Villager (Male) |
| 3:28 | Crear | Villager (Male) |
| 3:28 | Crear | Villager (Male) |
| 3:44 | Crear | Villager (Male) |
| 4:26 | Crear | Villager (Male) |
| 4:26 | Crear | Villager (Male) |
| 4:26 | Crear | Villager (Male) |
| 4:44 | Crear | Villager (Male) |
| 4:44 | Crear | Villager (Male) |
| 5:37 | Construir | Mill |
| 5:40 | Crear | Villager (Male) |
| 6:24 | Crear | Villager (Male) |
| 6:24 | Crear | Villager (Male) |
| 6:25 | Crear | Villager (Male) |
| 6:25 | Crear | Villager (Male) |
| 6:34 | Crear | Villager (Male) |
| 6:56 | Crear | Villager (Male) |
| 7:13 | Crear | Villager (Male) |
| 7:17 | Crear | Villager (Male) |
| 7:25 | Crear | Villager (Male) |
| 8:14 | Crear | Villager (Male) |
| 8:17 | Construir | Farm |
| 8:18 | Construir | Farm |
| 8:33 | Crear | Villager (Male) |
| 8:36 | Construir | Farm |
| 8:52 | Construir | Farm |
| 8:54 | Construir | Farm |
| 8:57 | Construir | Farm |
| 9:37 | Construir | Mining Camp |
| 9:51 | Investigar | Feudal Age |
| 12:01 | Edad | Edad Feudal |
| 12:08 | Construir | Market |
| 12:09 | Crear | Villager (Male) |
| 12:10 | Crear | Villager (Male) |
| 12:15 | Crear | Villager (Male) |
| 12:32 | Construir | Blacksmith |
| 13:11 | Crear | Villager (Male) |
| 13:39 | Construir | Mining Camp |
| 13:43 | Investigar | Castle Age |
| 14:00 | Investigar | Horse Collar |
| 14:12 | Investigar | Gold Mining |
| 14:41 | Investigar | Double-Bit Axe |
| 15:41 | Investigar | Wheelbarrow |
| 16:29 | Edad | Edad de los Castillos |
| 16:34 | Construir | Town Center |
| 16:40 | Investigar | Heavy Plow |
| 16:44 | Investigar | Bow Saw |
| 17:36 | Investigar | Stone Mining |
| 17:45 | Crear | Villager (Male) |
| 17:46 | Crear | Villager (Male) |
| 18:07 | Construir | Farm |
| 18:13 | Construir | Farm |
| 18:25 | Crear | Villager (Male) |
| 18:26 | Crear | Villager (Male) |
| 18:30 | Crear | Villager (Male) |
| 18:39 | Construir | Farm |
| 18:45 | Crear | Villager (Male) |
| 18:47 | Crear | Villager (Male) |
| 19:25 | Construir | Town Center |
| 19:27 | Crear | Villager (Male) |
| 19:40 | Construir | Farm |
| 19:42 | Crear | Villager (Male) |
| 19:50 | Construir | Farm |
| 19:53 | Crear | Villager (Male) |
| 20:11 | Crear | Villager (Male) |
| 20:14 | Construir | Farm |
| 20:17 | Construir | Farm |
| 20:19 | Construir | Farm |
| 20:24 | Crear | Villager (Male) |
| 20:44 | Construir | Town Center |
| 20:46 | Crear | Villager (Male) |
| 21:02 | Crear | Villager (Male) |
| 21:09 | Crear | Villager (Male) |
| 21:14 | Crear | Villager (Male) |
| 21:30 | Construir | Farm |
| 21:31 | Construir | Farm |
| 21:34 | Construir | Farm |
| 21:36 | Construir | Farm |
| 21:37 | Crear | Villager (Male) |
| 21:39 | Crear | Villager (Male) |
| 21:49 | Crear | Villager (Male) |
| 22:01 | Crear | Villager (Male) |
| 22:04 | Crear | Trade Cart |
| 22:05 | Crear | Trade Cart |
| 22:12 | Crear | Trade Cart |
| 22:13 | Crear | Trade Cart |
| 22:14 | Crear | Trade Cart |
| 22:16 | Crear | Trade Cart |
| 22:17 | Crear | Villager (Male) |
| 22:19 | Crear | Villager (Male) |
| 22:37 | Crear | Villager (Male) |
| 22:49 | Construir | Barracks |
| 22:51 | Construir | Farm |
| 22:53 | Construir | Farm |
| 22:55 | Construir | Farm |
| 22:57 | Construir | Farm |
| 22:58 | Crear | Villager (Male) |
| 22:58 | Crear | Villager (Male) |
| 22:59 | Crear | Villager (Male) |
| 23:13 | Construir | Farm |
| 23:14 | Construir | Farm |
| 23:15 | Crear | Villager (Male) |
| 23:15 | Crear | Villager (Male) |
| 23:21 | Crear | Villager (Male) |
| 23:29 | Construir | Mill |
| 23:30 | Crear | Villager (Male) |
| 23:46 | Crear | Villager (Male) |
| 23:53 | Crear | Villager (Male) |
| 23:59 | Crear | Villager (Male) |
| 24:07 | Crear | Villager (Male) |
| 24:10 | Crear | Villager (Male) |
Build order — SirRichy2013
Primeras 150 de 390 acciones detectadas
| 0:00 | Crear | Villager (Male) |
| 0:01 | Crear | Villager (Male) |
| 0:01 | Crear | Villager (Male) |
| 0:01 | Crear | Villager (Male) |
| 0:01 | Crear | Villager (Male) |
| 0:04 | Construir | House |
| 0:07 | Construir | House |
| 1:47 | Crear | Villager (Male) |
| 1:53 | Construir | Lumber Camp |
| 1:58 | Investigar | Loom |
| 2:26 | Crear | Villager (Male) |
| 2:27 | Crear | Villager (Male) |
| 3:12 | Crear | Villager (Male) |
| 3:35 | Crear | Villager (Male) |
| 3:51 | Construir | House |
| 3:52 | Construir | House |
| 4:04 | Crear | Villager (Male) |
| 4:28 | Crear | Villager (Male) |
| 4:58 | Crear | Villager (Male) |
| 5:23 | Crear | Villager (Male) |
| 5:39 | Construir | Mill |
| 5:57 | Crear | Villager (Male) |
| 5:58 | Crear | Villager (Male) |
| 6:25 | Crear | Villager (Male) |
| 6:27 | Crear | Villager (Male) |
| 6:50 | Crear | Villager (Male) |
| 7:05 | Crear | Villager (Male) |
| 7:27 | Crear | Villager (Male) |
| 8:11 | Construir | House |
| 8:14 | Construir | Barracks |
| 8:31 | Construir | Mining Camp |
| 8:49 | Investigar | Feudal Age |
| 10:26 | Construir | Mill |
| 10:29 | Construir | Farm |
| 10:32 | Construir | Farm |
| 11:08 | Construir | Blacksmith |
| 11:18 | Construir | Market |
| 11:41 | Construir | Farm |
| 11:43 | Construir | Farm |
| 11:50 | Construir | Farm |
| 11:51 | Construir | Farm |
| 12:25 | Construir | Farm |
| 12:43 | Construir | Farm |
| 13:29 | Investigar | Castle Age |
| 13:31 | Construir | Farm |
| 14:37 | Investigar | Double-Bit Axe |
| 14:38 | Investigar | Horse Collar |
| 14:52 | Investigar | Gold Mining |
| 16:10 | Construir | Town Center |
| 16:13 | Crear | Villager (Male) |
| 16:13 | Crear | Villager (Male) |
| 16:15 | Crear | Villager (Male) |
| 16:23 | Construir | House |
| 16:27 | Construir | House |
| 16:28 | Construir | House |
| 16:43 | Crear | Villager (Male) |
| 16:48 | Investigar | Bow Saw |
| 16:50 | Crear | Villager (Male) |
| 17:30 | Crear | Villager (Male) |
| 18:39 | Construir | Town Center |
| 18:43 | Crear | Villager (Male) |
| 18:44 | Crear | Villager (Male) |
| 18:46 | Crear | Villager (Male) |
| 18:46 | Crear | Villager (Male) |
| 18:49 | Crear | Villager (Male) |
| 18:53 | Construir | Farm |
| 18:57 | Construir | Farm |
| 19:05 | Construir | Farm |
| 19:06 | Construir | Farm |
| 19:08 | Construir | Farm |
| 19:14 | Crear | Villager (Male) |
| 19:18 | Construir | Farm |
| 19:31 | Crear | Villager (Male) |
| 19:32 | Crear | Villager (Male) |
| 19:41 | Construir | Farm |
| 19:47 | Investigar | Wheelbarrow |
| 19:55 | Crear | Villager (Male) |
| 19:55 | Crear | Villager (Male) |
| 20:05 | Construir | Stable |
| 20:13 | Crear | Villager (Male) |
| 20:15 | Crear | Villager (Male) |
| 20:28 | Construir | Farm |
| 20:29 | Construir | Farm |
| 20:32 | Construir | Mill |
| 20:34 | Crear | Villager (Male) |
| 20:37 | Crear | Villager (Male) |
| 20:38 | Crear | Villager (Male) |
| 20:44 | Construir | Farm |
| 20:45 | Construir | Farm |
| 20:52 | Crear | Villager (Male) |
| 20:58 | Crear | Villager (Male) |
| 21:00 | Investigar | Heavy Plow |
| 21:09 | Crear | Villager (Male) |
| 21:19 | Crear | Villager (Male) |
| 21:29 | Crear | Villager (Male) |
| 21:43 | Construir | Farm |
| 21:49 | Construir | Farm |
| 21:51 | Construir | Farm |
| 21:55 | Crear | Villager (Male) |
| 21:57 | Crear | Villager (Male) |
| 21:58 | Crear | Villager (Male) |
| 22:02 | Construir | House |
| 22:06 | Crear | Villager (Male) |
| 22:08 | Crear | Villager (Male) |
| 22:09 | Crear | Villager (Male) |
| 22:17 | Construir | Farm |
| 22:18 | Construir | Farm |
| 22:30 | Construir | House |
| 22:32 | Crear | Villager (Male) |
| 22:34 | Crear | Villager (Male) |
| 22:36 | Crear | Villager (Male) |
| 22:43 | Construir | Stable |
| 22:49 | Construir | Farm |
| 22:51 | Construir | Farm |
| 22:53 | Crear | Villager (Male) |
| 22:55 | Crear | Villager (Male) |
| 22:55 | Crear | Villager (Male) |
| 23:03 | Crear | Villager (Male) |
| 23:06 | Crear | Villager (Male) |
| 23:11 | Investigar | Stone Mining |
| 23:24 | Construir | Stable |
| 23:31 | Crear | Villager (Male) |
| 23:32 | Crear | Villager (Male) |
| 23:32 | Crear | Villager (Male) |
| 23:36 | Crear | Villager (Male) |
| 23:39 | Construir | Lumber Camp |
| 23:45 | Crear | Villager (Male) |
| 23:46 | Crear | Villager (Male) |
| 23:53 | Construir | Farm |
| 23:57 | Construir | Farm |
| 24:00 | Construir | Farm |
| 24:04 | Crear | Villager (Male) |
| 24:06 | Crear | Villager (Male) |
| 24:08 | Construir | House |
| 24:09 | Construir | House |
| 24:10 | Construir | House |
| 24:11 | Construir | House |
| 24:18 | Construir | House |
| 24:19 | Construir | House |
| 24:25 | Investigar | Bloodlines |
| 24:32 | Crear | Villager (Male) |
| 24:41 | Crear | Villager (Male) |
| 24:51 | Construir | Farm |
| 24:53 | Construir | Farm |
| 24:59 | Construir | Mining Camp |
| 25:07 | Construir | Siege Workshop |
| 25:10 | Construir | Archery Range |
| 25:11 | Construir | Archery Range |
| 25:18 | Investigar | Husbandry |
| 25:19 | Crear | Villager (Male) |
Cronología de la partida
| 7:43 | guillo · first_building Barracks |
| 8:14 | SirRichy2013 · first_building Barracks |
| 9:18 | Teniente DAN · first_building Barracks |
| 10:25 | guillo · age_up feudal |
| 10:26 | 0800goon · first_building Barracks |
| 10:59 | Tokoro Tennosuke · age_up feudal |
| 11:24 | Teniente DAN · age_up feudal |
| 12:01 | Anti_Moz-Diablo · age_up feudal |
| 13:39 | Tokoro Tennosuke · first_market_sell 100 stone |
| 13:43 | ChosenRain28 · first_building Barracks |
| 14:20 | 0800goon · age_up feudal |
| 15:51 | Tokoro Tennosuke · first_market_buy 100 wood |
| 16:17 | DRAGONROJO500 · first_market_sell 100 wood |
| 16:19 | DRAGONROJO500 · first_market_buy 100 food |
| 16:29 | Anti_Moz-Diablo · age_up castle |
| 16:42 | Tokoro Tennosuke · age_up castle |
| 16:59 | guillo · first_building Archery Range |
| 17:42 | ChosenRain28 · first_market_buy 100 food |
| 17:46 | guillo · first_building Stable |
| 17:50 | SirRichy2013 · first_market_buy 100 wood |
| 17:51 | Teniente DAN · age_up castle |
| 18:09 | Teniente DAN · first_building Castle |
| 18:48 | guillo · age_up castle |
| 19:23 | DRAGONROJO500 · first_building Monastery |
| 19:59 | Teniente DAN · first_building Monastery |
| 19:59 | guillo · first_building Siege Workshop |
| 19:59 | ChosenRain28 · first_building Stable |
| 20:05 | SirRichy2013 · first_building Stable |
| 20:20 | 0800goon · first_building Stable |
| 21:25 | 0800goon · first_market_buy 100 food |
| 21:30 | guillo · first_building Castle |
| 22:23 | Teniente DAN · wall_segment Stone Wall x9 |
| 22:25 | Teniente DAN · wall_segment Stone Wall x4 |
| 22:49 | Anti_Moz-Diablo · first_building Barracks |
| 24:09 | ChosenRain28 · first_building Castle |
| 24:25 | Teniente DAN · first_building Siege Workshop |
| 24:32 | 0800goon · age_up castle |
| 24:42 | 0800goon · first_building Castle |
| 24:55 | Tokoro Tennosuke · first_building Barracks |
| 24:56 | Anti_Moz-Diablo · first_building Stable |
| 25:07 | SirRichy2013 · first_building Siege Workshop |
| 25:10 | SirRichy2013 · first_building Archery Range |
| 25:15 | DRAGONROJO500 · first_building Castle |
| 25:56 | DRAGONROJO500 · first_building Barracks |
| 25:59 | 0800goon · first_building Siege Workshop |
| 26:07 | Anti_Moz-Diablo · first_building Castle |
| 26:26 | SirRichy2013 · first_building Monastery |
| 26:52 | DRAGONROJO500 · first_building Archery Range |
| 26:52 | 0800goon · wall_segment Stone Wall x3 |
| 27:20 | Teniente DAN · first_building Stable |
| 28:38 | DRAGONROJO500 · first_building Stable |
| 28:48 | guillo · wall_segment Stone Wall x7 |
| 29:26 | SirRichy2013 · first_market_sell 100 wood |
| 29:30 | guillo · wall_segment Stone Wall x1 |
| 29:52 | ChosenRain28 · first_building Siege Workshop |
| 29:53 | guillo · wall_segment Stone Wall x11 |
| 29:58 | SirRichy2013 · first_building Castle |
| 30:44 | DRAGONROJO500 · first_building Siege Workshop |
| 30:51 | guillo · wall_segment Stone Wall x10 |
| 30:52 | Tokoro Tennosuke · first_building Castle |
| 31:16 | guillo · resign |
| 31:22 | Anti_Moz-Diablo · age_up imperial |
| 32:05 | ChosenRain28 · first_market_sell 100 wood |
| 35:20 | Anti_Moz-Diablo · first_market_sell 100 food |
| 35:42 | 0800goon · first_building Archery Range |
| 36:07 | 0800goon · wall_segment Stone Wall x6 |
| 36:42 | Teniente DAN · first_market_buy 100 stone |
| 37:25 | 0800goon · first_market_sell 100 wood |
| 37:42 | ChosenRain28 · first_building Monastery |
| 40:44 | 0800goon · age_up imperial |
| 42:10 | Teniente DAN · wall_segment Stone Wall x10 |
| 42:13 | Tokoro Tennosuke · age_up imperial |
| 48:36 | Teniente DAN · first_building Archery Range |
| 57:51 | Teniente DAN · wall_segment Stone Wall x4 |
[ ANÁLISIS IA · 1 CRÉDITO ]
¿Qué pasó realmente en esta partida?
Wolo.gg analiza cada decisión: build order, eco, micro, errores típicos por bracket. Análisis personalizado por WhatsApp o Discord en 30 segundos.
Guía civ
Persas
Perfil
Jugador #2194258